 Dungeon Crawl Stone Soup version 0.30.1-9-gdf580d7c3d (webtiles) character file.

Game seed: 8343594705598044218

149 Peloso the Shield-Bearer (level 5, -3/47 HPs)
             Began as a Minotaur Fighter on Oct 21, 2023.
             Slain by Grinder (6 damage)
             ... on level 3 of the Dungeon.
             The game lasted 00:03:34 (2474 turns).

Peloso the Shield-Bearer (Minotaur Fighter)         Turns: 2474, Time: 00:03:34

Health: -3/47      AC:  7    Str: 21    XL:     5   Next: 9%
Magic:  4/4        EV:  9    Int:  5    God:
Gold:   244        SH:  5    Dex: 11    Spells: 4/4 levels left

rFire   . . .        a - +0 long sword
rCold   . . .        c - +0 buckler
rNeg    . . .        b - +0 scale mail
rPois   .            (helmet restricted)
rElec   .            (no cloak)
rCorr   .            (no gloves)
SInv    .            (no boots)
Will    .....        (no amulet) Stlth
                     (no ring)
HPRegen 0.27/turn    (no ring)
MPRegen 0.09/turn

%: no passive effects
@: lethally poisoned (-3 -> -3)
A: horns 2, retaliatory headbutt
a: no special abilities


You were on level 3 of the Dungeon.
You visited 1 branch of the dungeon, and saw 3 of its levels.

You collected 244 gold pieces.

Inventory:

Hand Weapons
 a - a +0 long sword (weapon)
Armour
 b - a +0 scale mail (worn)
 c - a +0 buckler (worn)
Jewellery
 j - a ring of fire
 n - a +6 ring of intelligence
 r - a ring of willpower
Scrolls
 e - a scroll of fear {unknown}
 f - 2 scrolls of identify
 i - a scroll of magic mapping
 k - 4 scrolls of teleportation {unknown}
 l - a scroll of enchant armour
 m - a scroll of fog {unknown}
 q - a scroll of poison {unknown}
Potions
 d - a potion of might
 g - 3 potions of curing
 h - 3 potions of brilliance
 o - a potion of berserk rage
 p - 3 potions of mutation {unknown}
 s - a potion of degeneration {unknown}


   Skills:
 + Level 4.5 Fighting
 + Level 4.1 Long Blades
 + Level 4.5 Armour
 + Level 4.6 Shields


You had 4 spell levels left.
You didn't know any spells.
Your spell library contained the following spells:

 Spells                   Type           Power      Damage    Failure   Level
 Sting                    Tmut/Pois      0%         1d3       86%         1
 Lesser Beckoning         Tloc           0%         N/A       95%         2
 Poisonous Vapours        Pois/Air       0%         N/A       95%         2
 Gell's Gravitas          Tloc           0%         N/A       99%         3
 Teleport Other           Tloc           0%         N/A       99%         3
 Olgreb's Toxic Radiance  Pois           0%         N/A       100%        4


Dungeon Overview and Level Annotations

Branches:
Dungeon (3/15)

Altars:

Shops:
D:1 :

Annotations:
D:3 Grinder


Innate Abilities, Weirdness & Mutations

You have a pair of horns on your head.
You reflexively headbutt those who attack you in melee.


Message History

Grinder hits you but does no damage.
Unknown command.
You slash Grinder!
Grinder is moderately wounded.
Grinder hits you.
You writhe in agony.
Unknown command.
You barely miss Grinder.
Grinder is moderately wounded.
The adder bites you.
You are poisoned.
The adder poisons you!
Grinder says, "What is the universe for?"
Grinder barely misses you. You furiously retaliate!
You headbutt Grinder! The adder bites you but does no damage.
You hit Grinder but do no damage. You headbutt Grinder!
Grinder is severely wounded.
You feel sick. You block the adder's attack. Grinder hits you.
You writhe in agony.
The adder bites you but does no damage.
Unknown command.
You barely miss Grinder.
Grinder is severely wounded.
You feel sick. You block Grinder's attack.
A rat comes into view.
You block the adder's attack. Grinder hits you but does no damage.
Unknown command.
You hit Grinder.
Grinder is almost dead.
You feel sick. The adder bites you. Grinder gestures at you.
You suddenly lose the ability to move!
The adder bites you but does no damage.
The rat twitches its whiskers.
You feel sick. The adder bites you but does no damage. Grinder gestures at you.
Pain shoots through your body!
* * * LOW HITPOINT WARNING * * *
You can move again.
You closely miss Grinder.
Grinder is almost dead.
You feel sick. The adder bites you but does no damage. Grinder hits you.
You die...

..... ##. .....##. #..
#......# #.# ##.....##
###.# ##....r..## ##.#.#
#.........####....######
+.........'.............
#......S..####....######
#.....@5## ##.#.#
##.....## ###.# ##...##
#.# ##+# #.# #.# #.# #
.# # # #


You could see Grinder, an adder and a rat.

Vanquished Creatures
  6 adders
  3 worms (D:2)
  5 dart slugs
  3 orcs
  7 bats
  10 endoplasms
  4 giant cockroaches
  3 goblins
  9 hobgoblins
  3 quokkas (D:2)
  6 ball pythons
  A frilled lizard (D:3)
  6 kobolds
  5 rats
71 creatures vanquished.

Notes
Turn   | Place    | Note
-------+----------+-------------------------------------------
     0 | D:1      | Peloso the Minotaur Fighter began the quest for the Orb.
     0 | D:1      | Reached XP level 1. HP: 19/19 MP: 0/0
    99 | D:1      | Reached XP level 2. HP: 13/27 MP: 1/1
   176 | D:1      | Noticed a walking divine tome
   291 | D:1      | Found Gaebb's Book Boutique.
   291 | D:1      | Noticed a walking crystal tome
   484 | D:1      | Reached XP level 3. HP: 33/33 MP: 2/2
   589 | D:1      | Found a faded altar of an unknown god.
  1054 | D:2      | Reached XP level 4. HP: 28/40 MP: 3/3
  2323 | D:3      | Reached XP level 5. HP: 47/47 MP: 4/4
  2461 | D:3      | Noticed Grinder
  2462 | D:3      | Paralysed by Grinder for 3 turns
  2472 | D:3      | Paralysed by Grinder for 2 turns
  2474 | D:3      | Slain by Grinder

Illustrated notes

Levels and vault maps discovered:
D:1:      scummos_arrival_forest, layout_basic, serial_bayou,
          serial_bayou_pond_e, serial_bayou_ford_a, serial_bayou_lake_a,
          serial_bayou_pond_d, serial_bayou_pond_b, serial_bayou_shore_a,
          serial_shops, nicolae_shop_mannequins,
          chequers_ecumenical_altar_simple
D:2:      layout_loops_corners, st_stairs_6, chequers_hall_statues_corner_a,
          minmay_octomino_c4
D:3:      layout_loops_corners, led_sif_book, uniq_grinder

Skill      XL: |  1  2  3  4 |
---------------+-------------+-----
Shields        | 4 |  4.6
Armour         | 4 |  4.5
Fighting       | 4 |  4.5
Long Blades    | 3 4 |  4.1

Action                     |  1- 3 |  4- 6 || total
---------------------------+-------+-------++-------
  Melee: Long sword        |   118 |    81 ||   199
         Headbutt          |    19 |     6 ||    25
    Use: Scroll            |     2 |     3 ||     5
         Potion            |     1 |       ||     1
 Armour: Scale mail        |    59 |    37 ||    96
  Dodge: Dodged            |    49 |    26 ||    75
  Block: Buckler           |    31 |    22 ||    53
